[Event "Late-Titled-Tuesday-Blitz-July-09-2024"]
[Site "Chess.com"]
[Date "2024.07.09"]
[Round "6"]
[White "yaguigor"]
[Black "RodriQA"]
[Result "1-0"]
[WhiteElo "2628"]
[BlackElo "2449"]
[TimeControl "180+1"]
[EndTime "15:05:24 PDT"]
[Termination "yaguigor won on time"]

1. Nf3 d5 2. d3 Nf6 3. Nbd2 Bf5 4. g3 e6 5. Bg2 h6 6. O-O Be7 7.
Re1 O-O 8. e4 Bh7 9. Qe2 Re8 10.
a4 c5 11. a5 a6 12. e5 Nfd7 13.
c4 d4 14. Nb3 Nc6 15. Bd2 Qc7 16. h4 Bf5 17. h5 Bg4 18. Bf4 Bxh5 19. Bh3 g5 20. g4 Bg6 21. Bd2 Bf8 22. Bg2 Bg7 23. Nc1 Ndxe5 24. Nxe5 Nxe5 25. f4 Nc6 26. fxg5 hxg5 27.
Bxg5 Qg3 28. Qf2 Qxf2+ 29. Kxf2 f6 30. Bd2 Ne5 31. Bxb7 Ra7 32. Be4 Nxg4+ 33. Kg3 f5 34. Bc6 Rc8 35. Rxe6 Kf7 36. Bd5 Bh5 37. Rc6+ Ke7 38.
Rxc8 Be5+ 39. Bf4 Bf6 40. Rc7+ Rxc7 41. Bxc7 Ne3 42. Bf4 Nc2 43. Ra2 Nb4 44. Ra3 Nc2 45. Rb3 1-0

[Event "Late-Titled-Tuesday-Blitz-July-09-2024"]
[Site "Chess.com"]
[Date "2024.07.09"]
[Round "6"]
[White "TheAlienParty"]
[Black "1g60-1"]
[Result "0-1"]
[WhiteElo "2324"]
[BlackElo "2468"]
[TimeControl "180+1"]
[EndTime "15:05:24 PDT"]
[Termination "1g60-1 won on time"]

1. e4 e6 2. Qe2 e5 3. Nf3 Nc6 4. c3 Bc5 5. g3 d6 6. h3 Nf6 7.
Bg2 h6 8. d3 O-O 9. Nbd2 a5 10.
g4 Nh7 11. Nf1 d5 12. Ng3 d4 13. Nf5 a4 14. c4 a3 15. bxa3 Bxa3 16. h4 Bxc1 17.
Rxc1 Kh8 18. Qd2 Bxf5 19. gxf5 Nf6 20. Rb1 b6 21. O-O Nh5 22. Rb5 Nf4 23. Nxe5 Nxe5 24.
Rxe5 Qxh4 25. Rd1 Qg4 26. f3 Qg3 27. Rb5 Ra3 28. Rb3 Rfa8 29. Rdb1 Rxa2 30. R3b2 Rxb2 31.
Qxb2 Ra3 32. Rd1 Rc3 33. Kf1 Nxd3 34. Qe2 Nf4 35. Qf2 Qxf2+ 36. Kxf2 Rc2+ 37. Kg3 Nxg2 38. Rxd4 g5 39. fxg6 fxg6 40. Rd8+ Kg7 41. Rd7+ Kf6 42. Rxc7 Kg5 43. Rc6 Nf4 0-1

[Event "Late-Titled-Tuesday-Blitz-July-09-2024"]
[Site "Chess.com"]
[Date "2024.07.09"]
[Round "6"]
[White "DanLowinger"]
[Black "Lector118"]
[Result "0-1"]
[WhiteElo "2403"]
[BlackElo "2649"]
[TimeControl "180+1"]
[EndTime "15:05:25 PDT"]
[Termination "Lector118 won by resignation"]

1. e4 c6 2. d4 g6 3. Nc3 d5 4.
Nf3 Bg7 5. h3 Nf6 6. Bd3 dxe4 7.
Nxe4 Nxe4 8. Bxe4 Nd7 9. c3 O-O 10. O-O e5 11. Re1 exd4 12. Nxd4 Nc5 13. Bc2 Ne6 14.
Nf3 Qa5 15. Be3 Rd8 16. Qe2 Bd7 17. a4 Qc7 18. Bb3 Re8 19. Rad1 Rad8 20. Qc4 Bc8 21. Ng5 Nxg5 22. Bxg5 Rxd1 23. Rxd1 Be6 24. Qe4 Qb6 25. Bxe6 Rxe6 26. Qc2 h6 27. Be3 Qa5 28. b4 Qc7 29. a5 a6 30. Qd3 Re8 31. Qd7 Rc8 32. Qxc7 Rxc7 33. Rd8+ Kh7 34. c4 Bc3 35. Bc5 Kg7 36. Kf1 Be5 37. Ke2 f5 38. Kd3 Rf7 39. g3 g5 40. Ke3 f4+ 41. Ke4 Bc7 42. Rd3 fxg3 43. fxg3 h5 44. Bd6 Bd8 45. Be5+ Bf6 46. Bxf6+ Kxf6 47. Rd6+ Kg7 48. Ke5 Re7+ 49. Kf5 h4 50. g4 Re3 51. Kxg5 Rxh3 52. Rd7+ Kf8 53. Rxb7 Rc3 54. Rb6 h3 55. Rxc6 h2 56. Rh6 Rxc4 57.
Rxh2 Rxb4 58. Rh8+ Kg7 59. Rh6 Rb5+ 60. Kh4 Kxh6 0-1

[Event "Late-Titled-Tuesday-Blitz-July-09-2024"]
[Site "Chess.com"]
[Date "2024.07.09"]
[Round "6"]
[White "Os55555"]
[Black "LoonsDeKoeben"]
[Result "0-1"]
[WhiteElo "2304"]
[BlackElo "2439"]
[TimeControl "180+1"]
[EndTime "15:05:25 PDT"]
[Termination "LoonsDeKoeben won on time"]

1. b3 b6 2. Bb2 Bb7 3. e3 e6 4. Nf3 Nf6 5. g3 Be7 6. Bg2 O-O 7. O-O c5 8. d3 Nc6 9. Nbd2 d5 10. Ne5 Nxe5 11. Bxe5 Nd7 12. Bb2 Bf6 13. Qc1 Qc7 14.
e4 Bxb2 15. Qxb2 d4 16. a4 a6 17. f4 f5 18. Rfe1 Nf6 19. Nc4 fxe4 20. dxe4 b5 21.
Ne5 Nd7 22. Nxd7 Qxd7 23. c3 d3 24. c4 bxc4 25. bxc4 Rab8 26. Qd2 Bc6 27. Ra3 Qd4+ 28. Kh1 Qxc4 29. Rc1 Qb4 30. Rxd3 Bxe4 31. Bxe4 Qxe4+ 32. Kg1 Rb2 33. Qxb2 Qxd3 34. Re1 c4 35. Rxe6 c3 36.
Qc1 c2 37. Re1 Rd8 38. Kf2 Qd2+ 0-1

[Event "Late-Titled-Tuesday-Blitz-July-09-2024"]
[Site "Chess.com"]
[Date "2024.07.09"]
[Round "6"]
[White "mind1mover"]
[Black "Chessmatus"]
[Result "1-0"]
[WhiteElo "2810"]
[BlackElo "2516"]
[TimeControl "180+1"]
[EndTime "15:05:26 PDT"]
[Termination "mind1mover won on time"]

1. Nf3 Nf6 2. c4 g6 3. Nc3 d5 4. d4 Bg7 5. Bg5 Ne4 6. Bf4 Nxc3 7. bxc3 dxc4 8. e3 Be6 9. Qb1 b6 10. Ng5 Bd5 11. e4 h6 12. Nf3 Be6 13. Be2 O-O 14. O-O c6 15. a4 a6 16. Ne5 b5 17. Bf3 Qc8 18. Qc1 Kh7 19. axb5 cxb5 20. d5 Bd7 21. h4 h5 22. Be2 Bf6 23. Bg3 Be8 24. f4 Nd7 25. Nf3 Nc5 26. e5 Bg7 27. Ng5+ Kg8 28.
f5 Nd3 29. Bxd3 cxd3 30. fxg6 Qg4 31. Qe3 f6 32. Ne6 Qxg6 33. Nxf8 Kxf8 34. d6 Bc6 35. dxe7+ Ke8 36. exf6 Bxf6 37. Rad1 Be4 38. Rde1 1-0

[Event "Late-Titled-Tuesday-Blitz-July-09-2024"]
[Site "Chess.com"]
[Date "2024.07.09"]
[Round "6"]
[White "KaydenTroffChess"]
[Black "scandalgod"]
[Result "0-1"]
[WhiteElo "2874"]
[BlackElo "2669"]
[TimeControl "180+1"]
[EndTime "15:05:27 PDT"]
[Termination "scandalgod won by resignation"]

1. d4 d5 2. Nf3 Nf6 3. Bf4 e6 4. e3 Bd6 5. Ne5 O-O 6. Nd2 c5 7. c3 Qc7 8. Bg3 Nbd7 9. f4 b6 10. Bd3 Bb7 11. Bh4 Ne4 12. Bxe4 dxe4 13. O-O f6 14.
Qg4 Rae8 15. Nxd7 Qxd7 16. Rad1 cxd4 17. exd4 Ba6 18. Rfe1 f5 19. Qg3 Qc7 20. Bg5 Kh8 21. Qh4 Kg8 22. Re3 h6 23. Rh3 Rf7 24. Qh5 Bxf4 25.
Bxf4 Qxf4 26. Nf1 e5 27. d5 Qg5 28. Qxg5 hxg5 29. Ng3 g6 30. b3 Bd3 31. c4 Rd7 32. Nf1 Kg7 33. Re3 Kf6 34. Kf2 Rc8 35. g3 b5 36. Rexd3 exd3 37. Ne3 bxc4 38. bxc4 e4 39. Rb1 Rd6 40. Ke1 f4 41. gxf4 gxf4 42.
Ng4+ Kf5 43. Nf2 Ke5 44. Rc1 Kd4 45. Kd2 e3+ 46. Ke1 d2+ 47. Kd1 dxc1=Q+ 0-1

[Event "Late-Titled-Tuesday-Blitz-July-09-2024"]
[Site "Chess.com"]
[Date "2024.07.09"]
[Round "6"]
[White "dropstoneDP"]
[Black "grzechu96"]
[Result "0-1"]
[WhiteElo "3016"]
[BlackElo "2816"]
[TimeControl "180+1"]
[EndTime "15:05:29 PDT"]
[Termination "grzechu96 won on time"]

1. e4 c5 2. Nf3 d6 3. d4 cxd4 4. Nxd4 Nf6 5. Nc3 a6 6. Be3 e6 7.
g4 e5 8. Nf5 g6 9. g5 gxf5 10.
exf5 d5 11. Qf3 Ne4 12. Nxe4 dxe4 13. Qxe4 Nc6 14. Bc4 Qd7 15. g6 fxg6 16. fxg6 Qe7 17. O-O-O Be6 18. Kb1 Bxc4 19. Qxc4 hxg6 20. Qg4 Qf7 21.
Rhe1 Qf5 22. Qc4 Rd8 23. f4 Rxd1+ 24. Rxd1 Bh6 25. Qb3 Qf7 26. Qd3 O-O 27. Rg1 Kh7 28. h4 Rd8 29. Qe4 Qf5 30. Qc4 exf4 31. Bc1 f3 32. h5 f2 33. hxg6+ Kg7 34. Qc3+ Kg8 35. Qc4+ Qd5 36. Qxd5+ Rxd5 37. Rf1 Bxc1 38. Kxc1 Rf5 39.
Kd2 Ne5 40. Ke2 Ng4 41. c3 Kg7 42. Rc1 Nh2 43. Rh1 f1=Q+ 0-1

[Event "Late-Titled-Tuesday-Blitz-July-09-2024"]
[Site "Chess.com"]
[Date "2024.07.09"]
[Round "6"]
[White "toninhojit"]
[Black "ritanovikova"]
[Result "1-0"]
[WhiteElo "2484"]
[BlackElo "2141"]
[TimeControl "180+1"]
[EndTime "15:05:30 PDT"]
[Termination "toninhojit won on time"]

1. e4 e5 2. Nf3 Nf6 3. d4 Nxe4 4.
dxe5 d5 5. Bd3 Be7 6. h3 Be6 7. Nbd2 Nxd2 8. Bxd2 Nd7 9. O-O c6 10. Re1 Nc5 11. Nd4 Nxd3 12. Nxe6 fxe6 13. cxd3 O-O 14. Qg4 Rf5 15. Re3 Bc5 16. d4 Rg5 17. Qf4 Rf5 18.
Qg4 h5 19. Qg6 Bxd4 20. Qxe6+ Rf7 21. Rf3 Qe8 22. Qxf7+ Qxf7 23. Rxf7 Kxf7 24. Bc3 Bxc3 25. bxc3 Ke6 26. f4 g5 27. g3 h4 28. fxg5 hxg3 29.
Kg2 Kf5 30. h4 Kg4 31. Rd1 Re8 32. Rd4+ Kh5 33. Kxg3 Rxe5 34. Rf4 Re3+ 35. Rf3 Re4 36. Rf4 Re3+ 37. Rf3 Re4 38. Rf8 Re3+ 39. Kf4 Rxc3 40.
Rh8+ Kg6 41. h5+ Kg7 42. Rb8 b5 43. Rb7+ Kf8 44. g6 Rc1 45. h6 Rf1+ 46. Ke5 Rg1 47. g7+ Kg8 48. Rb8+ Kh7 49. Rh8+ 1-0

[Event "Late-Titled-Tuesday-Blitz-July-09-2024"]
[Site "Chess.com"]
[Date "2024.07.09"]
[Round "6"]
[White "SimplyDevina"]
[Black "Slovineanu"]
[Result "0-1"]
[WhiteElo "2371"]
[BlackElo "2532"]
[TimeControl "180+1"]
[EndTime "15:05:32 PDT"]
[Termination "Slovineanu won by resignation"]

1. d4 Nf6 2. c4 e6 3. Nc3 d5 4.
cxd5 Nxd5 5. e4 Nxc3 6. bxc3 c5 7.
Nf3 cxd4 8. cxd4 Bb4+ 9. Bd2 Bxd2+ 10. Qxd2 O-O 11. Be2 Nd7 12. O-O b6 13. Rac1 Bb7 14. Qe3 Rc8 15. Nd2 Qe7 16. Nc4 Ba6 17. Nb2 Bxe2 18.
Qxe2 Qb4 19. a3 Qb3 20. Nd3 Rxc1 21. Rxc1 Qxa3 22. h4 h6 23. g3 Nf6 24. Rd1 Rd8 25. Ne5 Qd6 26. Nc4 Qb4 27. e5 Nd5 28. Nd6 Rxd6 29.
exd6 Qxd6 30. Rc1 Qd7 31. Qe4 a5 32. g4 Qd8 33. h5 b5 34. Qd3 b4 35. Qe4 a4 36. f4 a3 37. f5 Qd7 38. fxe6 Qxe6 39. Qd3 g6 40. hxg6 Qxg6 41. Qb5 Qxg4+ 42. Kh1 Qf3+ 43.
Kh2 Qf4+ 44. Kh3 Qxc1 45. Qe8+ Kg7 46. Qe5+ Nf6 47. Qg3+ Qg5 0-1

[Event "Late-Titled-Tuesday-Blitz-July-09-2024"]
[Site "Chess.com"]
[Date "2024.07.09"]
[Round "6"]
[White "AlexanderMatlak"]
[Black "th3d4rkness"]
[Result "1-0"]
[WhiteElo "2509"]
[BlackElo "2250"]
[TimeControl "180+1"]
[EndTime "15:05:32 PDT"]
[Termination "AlexanderMatlak won on time"]

1. c4 c5 2. Nf3 g6 3. Nc3 Bg7 4. g3 Nc6 5. Bg2 d6 6. O-O Bf5 7. d3 Qd7 8. Re1 Bh3 9. Bh1 h5 10. Nd5 h4 11. Rb1 hxg3 12. fxg3 Nd4 13. Be3 Nf5 14.
Bf2 e6 15. Nf4 Bg4 16. b4 b6 17.
bxc5 dxc5 18. Ne5 Bxe5 19. Bxa8 Bd4 20. e3 Bxd1 21. exd4 Nxd4 22. Rbxd1 Nf6 23. Bg2 O-O 24.
h3 g5 25. Ne2 Nc2 26. Rf1 g4 27. h4 Nh5 28. Rd2 Nd4 29. Nxd4 cxd4 30. Re1 f5 31.
Rxe6 Ng7 32. Re5 Re8 33. Bd5+ Kh7 34. Bxd4 Rxe5 35. Bxe5 Qe7 36. Re2 Qc5+ 37. Kg2 Qa3 38. d4 Qd3 39. Kf2 a6 40. a4 b5 41. axb5 axb5 42.
c5 b4 43. c6 b3 44. c7 Qc3 45.
Bb7 f4 46. gxf4 g3+ 47. Kg2 Nf5 48. c8=Q Nxh4+ 49. Kh3 g2+ 50. Qxc3 1-0

[Event "Late-Titled-Tuesday-Blitz-July-09-2024"]
[Site "Chess.com"]
[Date "2024.07.09"]
[Round "6"]
[White "Beaterawn"]
[Black "Chessbard1972"]
[Result "1-0"]
[WhiteElo "2432"]
[BlackElo "2272"]
[TimeControl "180+1"]
[EndTime "15:05:35 PDT"]
[Termination "Beaterawn won on time"]

1. e4 c5 2. Nf3 Nc6 3. d4 cxd4 4. Nxd4 e5 5. Nb5 a6 6. Nd6+ Bxd6 7. Qxd6 Qf6 8. Qd1 Qg6 9. Nc3 d5 10. Nxd5 Qxe4+ 11. Be3 Nd4 12. Nc7+ Ke7 13. Nxa8 Bg4 14. Qd3 Nxc2+ 15.
Kd2 Qxd3+ 16. Bxd3 Nxa1 17. Rxa1 Nf6 18. Nb6 Rd8 19. Rc1 e4 20. Rc7+ Kf8 21. Bc5+ Kg8 22. Rxb7 Rxd3+ 23. Kc2 h6 24. Nc4 Rd5 25. b4 Be2 26.
Nd6 Bd3+ 27. Kc3 Ng4 28. Nxf7 Bb5 29. Nd6 Nxf2 30. Nxb5 Nd1+ 31. Kc4 Rd3 32. Bd4 axb5+ 33. Kc5 e3 34. Rxg7+ Kf8 35. Rg6 Kf7 36. Rf6+ Ke7 37.
Rf4 Ke6 38. Re4+ Kf5 39. Re5+ Kf4 40. h3 Kg3 41. Re4 Kxg2 42. a4 bxa4 43. b5 Kf3 44. Re5 e2 45. b6 1-0

[Event "Late-Titled-Tuesday-Blitz-July-09-2024"]
[Site "Chess.com"]
[Date "2024.07.09"]
[Round "6"]
[White "Oleksandr_Bortnyk"]
[Black "baki83"]
[Result "1-0"]
[WhiteElo "3052"]
[BlackElo "2826"]
[TimeControl "180+1"]
[EndTime "15:05:36 PDT"]
[Termination "Oleksandr_Bortnyk won on time"]

1. d4 d5 2. Nc3 Nf6 3. Bf4 a6 4.
e3 b5 5. a3 Bb7 6. Nf3 e6 7. b4 Bd6 8. Ne5 Nbd7 9. Bd3 h6 10.
Qf3 Qe7 11. h4 O-O-O 12. Nxd7 Rxd7 13. Ne2 Kb8 14. a4 Bxf4 15. exf4 c6 16. c3 Ne8 17. g4 f6 18. h5 Nd6 19. Kf1 Nc4 20. Qg3 e5 21.
fxe5 fxe5 22. Bxc4 dxc4 23. Qxe5+ Qxe5 24. dxe5 Rf8 25. Rh3 c5 26. f4 Rd3 27. Rh2 Bf3 28. axb5 axb5 29. Ra5 cxb4 30. Rxb5+ Kc7 31. Rxb4 Bxe2+ 32. Kxe2 Rxc3 33. Rf2 Rc2+ 34. Kf3 Rxf2+ 35. Kxf2 Rxf4+ 36. Kg3 Rd4 37. Ra4 Re4 38. Kf3 Rxe5 39. Rxc4+ Kd7 40. Kf4 Re1 41. Kf5 Re7 42. Kg6 Kd6 43. Rf4 Ke5 44. Rf7 Re6+ 45. Kxg7 Ra6 46. Rf5+ Ke4 47. Rf6 Ra7+ 48.
Kxh6 1-0

[Event "Late-Titled-Tuesday-Blitz-July-09-2024"]
[Site "Chess.com"]
[Date "2024.07.09"]
[Round "6"]
[White "kkpanu9"]
[Black "schondeln"]
[Result "0-1"]
[WhiteElo "2056"]
[BlackElo "2345"]
[TimeControl "180+1"]
[EndTime "15:05:36 PDT"]
[Termination "schondeln won by checkmate"]

1. e4 d5 2. exd5 Qxd5 3. h3 c5 4. Nf3 Nc6 5. d4 cxd4 6. c3 Nf6 7. cxd4 e6 8. Nc3 Qd8 9. Bb5 Be7 10. O-O O-O 11. Bf4 Bd7 12. Re1 a6 13. Ba4 b5 14.
Bb3 Na5 15. Bc2 Bc6 16. Qd3 Nc4 17. Rab1 Rc8 18. Ng5 g6 19. Nge4 Re8 20. Nxf6+ Bxf6 21. d5 Bxd5 22. Nxd5 Qxd5 23. Qg3 Nxb2 24. Bb3 Qd3 25. Qg4 Qf5 26. Qg3 Nd3 27. Be3 Nxe1 28. Rxe1 Red8 29. Bf4 Rc3 30. f3 a5 31. Be3 a4 32. Bd1 Rxe3 33.
Rxe3 Bd4 34. Qf2 Bxe3 35. Qxe3 Rxd1+ 36. Kf2 Qd5 37. Qc3 Qd4+ 38. Qxd4 Rxd4 39. Ke3 Rb4 40. f4 Rb2 41. g4 Rxa2 42. Kd3 Ra3+ 43. Kd4 Rxh3 44.
g5 Rg3 45. Ke5 Rf3 46. Kf6 Rf1 47. Ke5 a3 48. f5 gxf5 49. Kf6 f4 50. g6 hxg6 51.
Ke7 f3 52. Kf6 f2 53. Ke7 a2 54. Kf6 a1=Q+ 55. Ke7 Qe5 56. Ke8 Ra1 57. Ke7 Ra7+ 58. Ke8 Qb8# 0-1

[Event "Late-Titled-Tuesday-Blitz-July-09-2024"]
[Site "Chess.com"]
[Date "2024.07.09"]
[Round "6"]
[White "tptagain"]
[Black "Byniolus"]
[Result "1-0"]
[WhiteElo "3039"]
[BlackElo "2809"]
[TimeControl "180+1"]
[EndTime "15:05:37 PDT"]
[Termination "tptagain won by resignation"]

1. d4 d5 2. Nf3 Nf6 3. e3 Bf5 4. c4 c6 5. Nc3 e6 6. Nh4 Be4 7.
f3 Bg6 8. Bd2 Nbd7 9. g4 Qb6 10.
g5 Ng8 11. c5 Qc7 12. f4 Ne7 13. Kf2 Nf5 14. Nxg6 hxg6 15. Bd3 Be7 16. Ne2 f6 17.
Bxf5 exf5 18. h4 Kf7 19. Ng3 fxg5 20. hxg5 b6 21. b4 a5 22. cxb6 Nxb6 23. bxa5 Nc4 24.
Bc3 Bd6 25. Qd3 Rhe8 26. Nxf5 Bxf4 27. Rh7 gxf5 28. Qxf5+ Kg8 29. Rah1 Bh2 30. R1xh2 Qxh2+ 31. Rxh2 Rf8 32. Qxf8+ Rxf8+ 33. Ke2 Ra8 34. Kf3 Rf8+ 35. Ke2 Ra8 36. g6 Nxa5 37. Bxa5 Rxa5 38. Kf3 c5 39. Kf4 Kf8 40. Ke5 cxd4 41. exd4 Ra6 42. Rf2+ Ke8 43. Rg2 Ra5 44. Ke6 Kd8 45. Kf7 Ra7+ 46. Kg8 Re7 47. Rf2 Re4 48. Kxg7 Rxd4 49. Kf8 Rf4+ 50. Rxf4 1-0

[Event "Late-Titled-Tuesday-Blitz-July-09-2024"]
[Site "Chess.com"]
[Date "2024.07.09"]
[Round "6"]
[White "GMRafpig"]
[Black "subham777"]
[Result "1-0"]
[WhiteElo "2773"]
[BlackElo "2561"]
[TimeControl "180+1"]
[EndTime "15:05:37 PDT"]
[Termination "GMRafpig won by checkmate"]

1. c4 e6 2. g3 d5 3. Bg2 Nf6 4. Nf3 Be7 5. O-O O-O 6. b3 c5 7. cxd5 Nxd5 8. Bb2 Bf6 9. d4 cxd4 10. Nxd4 Qe7 11. Nd2 Rd8 12. e3 a6 13. Qe2 Bd7 14. Rfd1 Nc6 15. Ne4 Nxd4 16. Nxf6+ Nxf6 17. Bxd4 e5 18. Bb6 Re8 19. a4 Qb4 20. a5 Bb5 21. Qd2 Qxb3 22.
Bxb7 Rab8 23. Bg2 h5 24. Rab1 Qe6 25. Qd6 Qf5 26. h3 Ne4 27. Bxe4 Qxe4 28. Qd5 Qf5 29.
Qg2 Rbc8 30. Rbc1 Rxc1 31. Rxc1 Rc8 32. Rxc8+ Qxc8 33. e4 Qc1+ 34. Kh2 Qd1 35. f4 exf4 36. gxf4 Qe1 37. Bd4 g6 38. f5 Bc6 39. fxg6 f5 40. Qa2+ Kf8 41. g7+ Ke8 42. g8=Q+ Kd7 43. Qge6+ Kc7 44.
Be5+ Kd8 45. Qd6+ Bd7 46. Bf6+ Kc8 47. Qc4+ Kb7 48. Qcc7+ Ka8 49. Qb8# 1-0

[Event "Late-Titled-Tuesday-Blitz-July-09-2024"]
[Site "Chess.com"]
[Date "2024.07.09"]
[Round "6"]
[White "carokannlover213"]
[Black "alexrustemov"]
[Result "0-1"]
[WhiteElo "2708"]
[BlackElo "2881"]
[TimeControl "180+1"]
[EndTime "15:05:38 PDT"]
[Termination "alexrustemov won by checkmate"]

1. d4 d5 2. Nf3 Nf6 3. Bf4 c5 4. e3 Nc6 5. Nbd2 Bg4 6. c3 e6 7. Bb5 Qb6 8. Qa4 Bxf3 9. Nxf3 Rc8 10. O-O a6 11. Bd3 Be7 12. Rab1 O-O 13. Qd1 Rfd8 14. Qe2 h6 15. Kh1 Bd6 16. Ne5 Qc7 17. Nxc6 Qxc6 18. Bxd6 Qxd6 19. Rbd1 b5 20. a4 Rb8 21. dxc5 Qxc5 22.
axb5 axb5 23. Ra1 b4 24. Rfc1 bxc3 25. bxc3 Rdc8 26. c4 d4 27. e4 e5 28. Rab1 Nd7 29. h3 Qd6 30. Rxb8 Rxb8 31. Qa2 Nc5 32. Qa3 Rd8 33. Kg1 g6 34. Ra1 Kg7 35. Kf1 Rb8 36.
Bc2 d3 37. Rd1 dxc2 38. Rxd6 Rb1+ 39. Ke2 c1=Q 40. Qxc1 Rxc1 41. Rd5 Rxc4 42. f3 Kf6 43. g3 Ne6 44. Rd6 Rc3 45. f4 exf4 46. gxf4 Ke7 47. e5 Nxf4+ 48. Kd2 Rxh3 49. Ra6 Ne6 50. Ke2 h5 51. Ra5 g5 52. Kf2 g4 53. Kg2 Kf8 54.
Kf2 Kg7 55. Kg2 Kg6 56. Ra6 Kf5 57. Ra5 Nf4+ 58. Kg1 Re3 59. e6+ Kxe6 60. Kf2 Rf3+ 61. Kg1 h4 62. Ra8 h3 63. Rh8 f5 64. Re8+ Kf7 65. Re1 Kf6 66. Kh2 g3+ 67. Kh1 Rf1+ 68.
Rxf1 g2+ 69. Kg1 gxf1=Q+ 70. Kh2 Qg2# 0-1

[Event "Late-Titled-Tuesday-Blitz-July-09-2024"]
[Site "Chess.com"]
[Date "2024.07.09"]
[Round "6"]
[White "vellottiwizard"]
[Black "legendisback1"]
[Result "1-0"]
[WhiteElo "2751"]
[BlackElo "3028"]
[TimeControl "180+1"]
[EndTime "15:05:39 PDT"]
[Termination "vellottiwizard won by resignation"]

1. e4 g6 2. d4 Bg7 3. Nf3 c6 4. Nc3 d5 5. h3 dxe4 6. Nxe4 Nf6 7. Nxf6+ exf6 8. Bc4 O-O 9. O-O a5 10. c3 b5 11. Bd3 Be6 12. Bf4 Nd7 13. Re1 Nb6 14. Nd2 f5 15. Nb3 a4 16. Nc5 Bd5 17. Qd2 Nd7 18. Bd6 Re8 19. Rxe8+ Qxe8 20. Re1 Qd8 21.
a3 Nxc5 22. Bxc5 Bf6 23. Qe3 Qd7 24. Bc2 Kg7 25. Bd1 g5 26. Bf3 f4 27. Qe2 Bxf3 28. Qxf3 Re8 29. Re4 Re6 30. Qe2 Qd5 31. Rxe6 fxe6 32. Qh5 e5 33. Qe8 h6 34. Bf8+ Kh7 35.
dxe5 Bxe5 36. Qh5 Qe6 37. Qe2 Kg6 38. Qe4+ Kf7 39. Bc5 Bg7 40. Qd3 h5 41. Kf1 g4 42.
hxg4 hxg4 43. Bd4 Qd5 44. Qh7 Qg5 45. Ke2 f3+ 46. gxf3 gxf3+ 47. Kxf3 Qd5+ 48. Ke2 Qe6+ 49. Kf1 Qc4+ 50. Kg1 1-0

[Event "Late-Titled-Tuesday-Blitz-July-09-2024"]
[Site "Chess.com"]
[Date "2024.07.09"]
[Round "6"]
[White "MetiForce"]
[Black "SpeedofLight0"]
[Result "1/2-1/2"]
[WhiteElo "2915"]
[BlackElo "3128"]
[TimeControl "180+1"]
[EndTime "15:05:44 PDT"]
[Termination "Game drawn by repetition"]

1. e4 c6 2. d4 d5 3. e5 Bf5 4.
Nf3 e6 5. Be2 Nd7 6. O-O a5 7.
a4 f6 8. c4 fxe5 9. dxe5 Bc5 10.
Nbd2 Ne7 11. Nb3 Bb6 12. Bg5 O-O 13. Nbd4 Qe8 14. Ra3 Nc5 15. Be3 Ng6 16. cxd5 exd5 17. Nxf5 Rxf5 18. Qc2 Qf8 19. Rc1 Nd7 20. Bxb6 Nxb6 21.
Rb3 Nd7 22. e6 Nde5 23. Rxb7 Re8 24. Nxe5 Nxe5 25. f3 Rxe6 26. Qb3 Re8 27. Bf1 Qd6 28. Qc3 Ref8 29. Kh1 Qh6 30. Re1 Ng4 31. h3 Nf2+ 32.
Kg1 Nxh3+ 33. gxh3 Rxf3 34. Qe5 Qg6+ 35. Bg2 Rf2 36.
Qe6+ Qxe6 37. Rxe6 Rc2 38. Ree7 Rff2 39. Rxg7+ Kf8 40.
Rg3 Rxb2 41. Rxh7 Rfc2 42. h4 Rb4 43. h5 Rc1+ 44. Kh2 Rh4+ 45. Rh3 Rg4 46. h6 Rc2 47. Rg3 Rh4+ 48. Kg1 Rc1+ 49. Kf2 Rc2+ 50. Kg1 Rc1+ 51. Kf2 Rc2+ 52. Kf3 Rc3+ 53. Kf2 Rc2+ 1/2-1/2

[Event "Late-Titled-Tuesday-Blitz-July-09-2024"]
[Site "Chess.com"]
[Date "2024.07.09"]
[Round "6"]
[White "ExchangeAB"]
[Black "annasargsyan_m"]
[Result "0-1"]
[WhiteElo "2458"]
[BlackElo "2685"]
[TimeControl "180+1"]
[EndTime "15:05:44 PDT"]
[Termination "annasargsyan_m won by resignation"]

1. d4 d5 2. Nf3 c6 3. Bf4 Nf6 4. e3 Bf5 5. Nbd2 e6 6. Ne5 h6 7. Ndf3 Qb6 8. Qc1 Na6 9. c3 c5 10. Bd3 Bxd3 11. Nxd3 cxd4 12. exd4 Be7 13. O-O Rc8 14.
Rb1 Nb4 15. Nxb4 Bxb4 16. Qe3 Be7 17. Ne5 O-O 18. Rfe1 Kh7 19. Bg3 Qa6 20. Qd3+ Qxd3 21. Nxd3 Ne4 22. Rbd1 b5 23. f3 Nf6 24. Rc1 a5 25. a3 Nd7 26. b4 axb4 27. axb4 Ra8 28. Ra1 Nb6 29. Nc5 Nc4 30. Kf2 g5 31. Ke2 h5 32. Kd3 g4 33. fxg4 hxg4 34. Rh1 Bd6 35.
Bxd6 Nxd6 36. Rhf1 Kg6 37. Nd7 Rfc8 38. Ne5+ Kg7 39.
Rxa8 Rxa8 40. Nxg4 Ra2 41. Rf2 Ra3 42. Ne5 f6 43. Nc6 Rxc3+ 44. Kxc3 Ne4+ 45. Kd3 Nxf2+ 46. Ke2 Ne4 47. Na7 Nd6 48. Nc6 Kg6 49. Nd8 e5 50. dxe5 fxe5 51. Kd3 e4+ 52. Ke2 d4 53. Ne6 d3+ 54.
Ke3 Kf5 55. Nc5 Nc4+ 56. Kf2 e3+ 57. Ke1 d2+ 58. Ke2 Nb2 0-1

[Event "Late-Titled-Tuesday-Blitz-July-09-2024"]
[Site "Chess.com"]
[Date "2024.07.09"]
[Round "6"]
[White "Nemsko"]
[Black "Maluco_do_Natal_00"]
[Result "0-1"]
[WhiteElo "2294"]
[BlackElo "2011"]
[TimeControl "180+1"]
[EndTime "15:05:44 PDT"]
[Termination "Maluco_do_Natal_00 won on time"]

1. e4 c5 2. Nf3 Nc6 3. d4 cxd4 4.
Nxd4 Nf6 5. Nc3 e5 6. Ndb5 d6 7.
Bg5 a6 8. Na3 b5 9. Nd5 Be7 10.
Bxf6 Bxf6 11. c3 O-O 12. Nc2 Bg5 13. h4 Bh6 14. Nce3 Be6 15. g3 Ne7 16. Bg2 Bxe3 17.
Nxe3 Rc8 18. O-O Qd7 19. Qd2 Rfd8 20. Nd5 Nxd5 21. exd5 Bh3 22. Rae1 Re8 23. Kh2 Bxg2 24. Kxg2 f5 25. Qd3 Rf8 26. f4 e4 27. Qe3 Qb7 28. Rd1 Rc5 29. Qd4 Rc4 30. Qe3 Rc5 31. Qd4 Rc4 32. Qd2 Re8 33. Rfe1 b4 34. cxb4 Rxb4 35.
b3 Rb5 36. Re3 Rc8 37. Qd4 Rbc5 38. Rd2 Rc1 39. g4 Qb5 40. Rd1 R1c2+ 41. Rd2 Rc1 42.
Rd1 R8c2+ 43. Kg3 Rxd1 44. Qxd1 Rc5 45. gxf5 Rxd5 46. Qe2 Rd3 47. Kg4 d5 48. f6 gxf6 49.
Rg3 Kf7 0-1

[Event "Late-Titled-Tuesday-Blitz-July-09-2024"]
[Site "Chess.com"]
[Date "2024.07.09"]
[Round "6"]
[White "Kirill_Klukin"]
[Black "Sek_Konstantin"]
[Result "0-1"]
[WhiteElo "2919"]
[BlackElo "2738"]
[TimeControl "180+1"]
[EndTime "15:05:48 PDT"]
[Termination "Sek_Konstantin won on time"]

1. d4 Nf6 2. Nf3 e6 3. e3 c5 4. Bd3 d5 5. b3 Nc6 6. Bb2 Bd6 7.
O-O Qc7 8. a3 e5 9. dxc5 Bxc5 10. Bb5 Bd6 11. c4 dxc4 12. Nbd2 c3 13. Bxc3 O-O 14. Nc4 Rd8 15. Nxd6 Rxd6 16. Qe2 Bg4 17.
h3 Bh5 18. e4 Nd4 19. Bxd4 Rxd4 20. Rac1 Qa5 21. Bc4 Qxa3 22. g4 Rxe4 23. Qd3 Bg6 24. Qc3 Qe7 25. Rfe1 Re8 26. Nh4 Rxe1+ 27. Rxe1 a6 28.
Qe3 b5 29. Bf1 Nd5 30. Qg3 Nf4 31. Ng2 Nxg2 32. Bxg2 h6 33. h4 e4 34. Re3 Qc5 35.
Kh2 Qe5 36. f4 Qd4 37. f5 Bh7 38. Qf4 h5 39. g5 Qe5 40. Kg3 Bxf5 41. Qxe5 Rxe5 42.
Kf4 f6 43. gxf6 gxf6 44. Rc3 Kf7 45. Bf1 Kg6 46. Be2 e3 47. Rc1 Bg4 48. Rg1 Rf5+ 49.
Kxe3 Re5+ 0-1

[Event "Late-Titled-Tuesday-Blitz-July-09-2024"]
[Site "Chess.com"]
[Date "2024.07.09"]
[Round "6"]
[White "axlbvRR"]
[Black "ZakinIlay2306"]
[Result "0-1"]
[WhiteElo "1946"]
[BlackElo "2306"]
[TimeControl "180+1"]
[EndTime "15:05:48 PDT"]
[Termination "ZakinIlay2306 won by checkmate"]

1. d4 Nf6 2. Bf4 g6 3. e3 Bg7 4. Nf3 O-O 5. h3 d6 6. Be2 Nbd7 7. O-O b6 8. c4 Bb7 9. Nc3 Qe8 10. Bh2 e5 11.
Rc1 e4 12. Nd2 Qe7 13. Qc2 Rfe8 14. Nb5 Nf8 15. b4 h5 16. c5 bxc5 17. bxc5 Rac8 18. Nxa7 d5 19. c6 Ra8 20. Nb5 Ba6 21. a4 Ne6 22. Rfe1 g5 23. Be5 g4 24. hxg4 Nxg4 25. Bxg4 hxg4 26.
Nf1 Bxe5 27. dxe5 Qg5 28. Ng3 Qxe5 29. Qe2 f5 30. Qa2 Bxb5 31. Qb3 Bc4 32. Qb7 Reb8 33.
Qxb8+ Rxb8 34. Rb1 Rxb1 35. Rxb1 Qc3 36. Nf1 Bxf1 37.
Rxf1 Qxc6 38. Ra1 d4 39. a5 Qa6 40. exd4 Nxd4 41. Kh2 Nb3 42. Ra3 Nxa5 43. Kg3 Qd6+ 44. Kh4 Qxa3 45. Kg5 Qe7+ 46. Kxf5 g3 47. fxg3 e3 48.
Kg4 e2 49. Kh3 e1=Q 50. Kh2 Qg5 51. g4 Qgh4# 0-1